 Dungeon Crawl Stone Soup version 0.31-a0-232-gb1c03b2570 (webtiles) character file.

Game seed: 8670118233465927227

247 qw the Shooter (level 5, -3/45 HPs)
             Began as a Minotaur Hexslinger on July 7, 2023.
             Slain by an orc
             ... wielding a +0 hand axe
              (5 damage)
             ... on level 3 of the Dungeon.
             The game lasted 00:01:00 (2322 turns).

qw the Shooter (Minotaur Hexslinger)                Turns: 2322, Time: 00:01:00

Health: -3/45      AC:  5    Str: 13    XL:     5   Next: 85%
Magic:  5/5        EV: 11    Int: 10    God:
Gold:   121        SH:  0    Dex: 14    Spells: 5/6 levels left

rFire   . . .        Y - +3 sling
rCold   . . .        (no shield)
rNeg    . . .        e - +0 ring mail
rPois   .            (helmet restricted)
rElec   .            (no cloak)
rCorr   .            (no gloves)
SInv    .            (no boots)
Will    .....        (no amulet)
Stlth   +            (no ring)
HPRegen 0.27/turn    (no ring)
MPRegen 0.09/turn

%: no passive effects
@: no status effects
A: horns 2, retaliatory headbutt
a: no special abilities


You were on level 3 of the Dungeon.
You visited 1 branch of the dungeon, and saw 3 of its levels.

You collected 121 gold pieces.


Innate Abilities, Weirdness & Mutations

You have a pair of horns on your head.
You reflexively headbutt those who attack you in melee.


   Skills:
 + Level 3.0 Fighting
 - Level 6.0 Ranged Weapons
 - Level 1.8 Armour
 - Level 2.1 Dodging
 - Level 1.0 Spellcasting
 - Level 2.0 Hexes


You had 5 spell levels left.
You knew the following spells:

 Your Spells              Type           Power      Damage    Failure   Level
a - Slow                  Hex            16%        N/A       32%         1

Your spell library contained the following spells:

 Spells                   Type           Power      Damage    Failure   Level
 Inner Flame              Hex/Fire       2%         N/A       82%         3
 Portal Projectile        Hex/Tloc       4%         N/A       82%         3
 Cause Fear               Hex            2%         N/A       97%         4

Inventory:

Hand Weapons
 Y - a +3 sling (weapon)
Armour
 e - a +0 ring mail (worn)
Scrolls
 c - a scroll of identify {unknown}
 g - a scroll of enchant armour {unknown}
 h - a scroll of vulnerability {unknown}
Potions
 a - a potion of mutation {unknown}
 b - a potion of heal wounds {unknown}
 d - a potion of might {unknown}
 f - 2 potions of curing

Dungeon Overview and Level Annotations

Branches:
Dungeon (3/15)

Altars:
Wu Jian

Annotations:
D:2 1 runed translucent door, Crazy Yiuf


Message History

The orc hits you with a +0 hand axe. The bat hits you but does no damage.
You shoot a sling bullet. The sling bullet hits the bat.
You kill the bat!
The orc closely misses you.
You shoot a sling bullet.
The sling bullet completely misses the orc priest.
The orc hits you with a +0 hand axe.
The orc priest hits you but does no damage.
A kobold comes into view. It is wielding a +0 dagger.
You shoot a sling bullet. The kobold shouts!
The sling bullet hits the orc priest!
The orc priest is heavily wounded.
The orc priest begins to cast a cantrip, but forgets the words!
The orc hits you with a +0 hand axe.
The orc priest invokes the aid of Beogh against you.
Beogh smites you! The orc hits you with a +0 hand axe.
You shoot a sling bullet. The sling bullet hits the orc priest.
The orc priest is almost dead.
The orc hits you but does no damage. The orc priest barely misses you.
You shoot a sling bullet.
The sling bullet barely misses the orc priest.
The orc priest closely misses you. The orc hits you but does no damage.
You shoot a sling bullet.
The sling bullet barely misses the orc priest.
The orc hits you with a +0 hand axe.
The orc priest mumbles some strange prayers to Beogh against you.
Beogh smites you!
You shoot a sling bullet. The sling bullet hits the orc priest!
You kill the orc priest!
The orc hits you with a +0 hand axe. The kobold barely misses you. x2
You furiously retaliate!
You headbutt the kobold!
You kill the kobold!
The orc barely misses you.
Your Ranged Weapons skill increases to level 6!
You shoot a sling bullet. The sling bullet hits the orc.
The orc is lightly wounded.
An orc comes into view. It is wielding a +0 hand axe.
The orc hits you with a +0 hand axe.
You die...

#. #. #. #. #. #.
########. ##)####
#........
###.o@..####.#####.#
#...)%........>....#
#.#..(....##.#####.#
o. #.......##.# .
#..........#
.........#### .
###.#.....####....
## ........%......_.
#. #.#.###..####....
##


You could see 2 orcs.

Vanquished Creatures
  2 orc priests (D:3)
  Natasha (thrice) (D:2)
  Robin (D:2)
  An adder (D:2)
  4 worms
  A dart slug (D:1)
  5 orcs (D:3)
  5 ball pythons (D:1)
  3 endoplasms
  4 giant cockroaches
  11 goblins
  5 hobgoblins
  6 jackals
  5 kobolds
  3 quokkas
  9 bats
  A frilled lizard (D:1)
  9 rats
78 creatures vanquished.

Notes
Turn   | Place    | Note
-------+----------+-------------------------------------------
     0 | D:1      | qw the Minotaur Hexslinger began the quest for the Orb.
     0 | D:1      | Reached XP level 1. HP: 16/16 MP: 1/1
     0 | D:1      | 0 ||| qw: Version: 0.3-a-46-gb1f654a
     0 | D:1      | 0 ||| qw: Game counter: 2797
     0 | D:1      | 0 ||| qw: Melee chars always use a shield: true
     0 | D:1      | 0 ||| qw: God list: Okawaru
     0 | D:1      | 0 ||| qw: Allow faded altars: false
     0 | D:1      | 0 ||| qw: Do Orc after clearing Dungeon:15 true
     0 | D:1      | 0 ||| qw: Do second Lair branch before Depths: true
     0 | D:1      | 0 ||| qw: Lair rune preference: random
     0 | D:1      | 0 ||| qw: Goals: Normal
     0 | D:1      | 0 ||| PLANNING D:1-11
    98 | D:1      | Reached skill level 3 in Ranged Weapons
    98 | D:1      | Reached XP level 2. HP: 21/23 MP: 2/2
   599 | D:1      | Reached XP level 3. HP: 29/29 MP: 3/3
   601 | D:1      | Found a faded altar of an unknown god.
   634 | D:1      | 634 ||| DROPPING ring of magical power.
   635 | D:1      | 635 ||| DROPPING ring of wizardry.
   636 | D:1      | 636 ||| DROPPING scroll of poison.
   760 | D:2      | Found a runed translucent door.
   761 | D:2      | Noticed Crazy Yiuf
   828 | D:2      | Reached skill level 4 in Ranged Weapons
   865 | D:2      | Noticed Natasha
   876 | D:2      | Killed Natasha
   877 | D:2      | Reached XP level 4. HP: 36/36 MP: 4/4
  1177 | D:2      | Noticed Robin
  1195 | D:2      | Killed Robin
  1196 | D:2      | Reached skill level 5 in Ranged Weapons
  1222 | D:2      | 1222 ||| FLEEEEING.
  1239 | D:2      | 1239 ||| FLEEEEING.
  1262 | D:2      | 1262 ||| FLEEEEING.
  1263 | D:2      | 1263 ||| FLEEEEING.
  1264 | D:2      | 1264 ||| FLEEEEING.
  1265 | D:2      | 1265 ||| FLEEEEING.
  1266 | D:2      | 1266 ||| STAIRDANCE
  1293 | D:1      | 1293 ||| UPGRADING to +0 ring mail.
  1303 | D:1      | 1303 ||| DROPPING +0 robe.
  1304 | D:1      | 1304 ||| READING scroll labelled FUITIR LO EMNI.
  1309 | D:1      | 1309 ||| READING scroll labelled HOUNIPHYRA.
  1317 | D:2      | 1317 ||| STAIRDANCE
  1587 | D:2      | Noticed Natasha
  1591 | D:2      | 1591 ||| Stepping ~*~*~tactically~*~*~ (outnumbered).
  1599 | D:2      | Killed Natasha
  1600 | D:2      | Reached skill level 1 in Armour
  1799 | D:2      | Noticed Natasha
  1801 | D:2      | 1801 ||| Stepping ~*~*~tactically~*~*~ (outnumbered).
  1805 | D:2      | Killed Natasha
  1806 | D:2      | Reached XP level 5. HP: 40/44 MP: 5/5
  1842 | D:2      | 1842 ||| DRINKING 2 emerald potions.
  1943 | D:3      | 1943 ||| READING scroll of enchant weapon.
  1943 | D:3      | 1943 ||| ENCHANTING +2 sling.
  1950 | D:3      | Reached skill level 3 in Fighting
  2281 | D:3      | Found an ornate altar of the Wu Jian Council.
  2320 | D:3      | HP: 2/45 [orc priest/divine providence (16)]
  2322 | D:3      | Reached skill level 6 in Ranged Weapons
  2322 | D:3      | Slain by an orc

Levels and vault maps discovered:
D:1:      ldierk_walled_garden_2, layout_loops_ring,
          hellmonk_ecumenical_altar_prayer_group
D:2:      layout_loops_ring, kennysheep_generic_room_12, uniq_natasha,
          uniq_crazy_yiuf_cottage, uniq_robin
D:3:      layout_loops_ring, palyth_temple_overflow_mages,
          nzn_wu_jian_council_hall

Skill      XL: |  1  2  3  4  5 |
---------------+----------------+-----
Ranged Weapons | 3 4 5 6 |  6.0
Fighting       | 2 3 |  3.0
Armour         | 1 |  1.8
Dodging        | |  2.1
Spellcasting   | |  1.0
Hexes          | |  2.0

Action                     |  1- 3 |  4- 6 || total
---------------------------+-------+-------++-------
   Fire: Sling             |    94 |   144 ||   238
    Use: Scroll            |       |     3 ||     3
         Potion            |       |     1 ||     1
 Armour: Robe              |     5 |     8 ||    13
         Ring mail         |       |    13 ||    13
  Dodge: Dodged            |    33 |    75 ||   108

Table legend:
 A = Non-vault XP
 B = Vault XP
 C = Vault XP percentage of total XP
 D = Non-vault monster count
 E = Vault monster count
 F = Vault count percentage of total count
                 A         B        C        D         E       F
            +---------+---------+-------+---------+---------+-------
      Total |     278 |      75 |  21.2 |      63 |      15 |  19.2
            +---------+---------+-------+---------+---------+-------
        D:1 |      44 |       2 |   4.3 |      25 |       1 |   3.8
        D:2 |     110 |      73 |  39.9 |      19 |      14 |  42.4
        D:3 |     124 |       0 |   0.0 |      19 |       0 |   0.0
            +---------+---------+-------+---------+---------+-------
